AoeStats
← 化劲省二

Arabia

506440812Analyzed
1v1 RM · 20d ago on Sep 13, 2026· 28m 48s· 2 players
Game mode
Random Map
Map size
Tiny (2 player)
Population
200
Speed
Normal
Resources
Standard
Victory
Conquest
Starting age
Dark Age
Ending age
Imperial Age
RankedLock teamsTeams togetherTeam positionsShared explorationLock speedFull tech treeHidden civsTurbo modeCheats
Victory
Defeat
🇨🇭 Jurchens · Switzerland
1215
+16
🇨🇳 Khitans · China
1208
-16
化劲省二
6:54 Loom
11:01 Feudal Age
12:31 Wheelbarrow
11:44 Double-Bit Axe
14:50 Forging
19:34 Domestication
21:38 Town Watch
24:23 Castle Age
22:45 Scale Barding Armor
23:12 Scale Mail Armor
23:47 Scale Barding Armor
26:13 Gold Mining
30:15 Imperial Age
28:17 Light Cavalry
KnutKnüppel
6:43 Loom
8:46 Feudal Age
8:35 Loom
9:19 Double-Bit Axe
12:47 Forging
13:59 Horse Collar
15:26 Bloodlines
20:55 Castle Age
18:48 Gold Mining
19:23 Fletching
20:00 Padded Archer Armor
21:47 Bodkin Arrow
22:08 Leather Archer Armor
25:43 Ballistics
26:17 Husbandry
28:46 Wheelbarrow
Connection lost

Rejoining the realm…

Still unreachable

The connection could not be restored.

Session expired

The server has moved on; the page needs a fresh start.